 Dungeon Crawl Stone Soup version 0.28-a0-1147-gc7b72d3202 (webtiles) character file.

Game seed: 4165228101293087775

243 BinkBink the Cudgeller (level 6, 0/39 HPs)
             Began as a Gargoyle Monk on Dec 14, 2021.
             Was a Believer of Okawaru.
             Slain by an iguana (4 damage)
             ... on level 4 of the Dungeon.
             The game lasted 00:04:42 (3745 turns).

BinkBink the Cudgeller (Gargoyle Monk)              Turns: 3745, Time: 00:04:42

Health: 0/39       AC:  6    Str: 13 (15) XL:     6   Next: 9%
Magic:  6/6        EV: 13    Int:  8 (10) God:    Okawaru [**....]
Gold:   114        SH:  0    Dex: 13 (14) Spells: 5/5 levels left

rFire   . . .      SeeInvis .   a - +0 mace
rCold   . . .      Faith    .   (no shield)
rNeg    + . .      Spirit   .   b - +0 robe
rPois   ∞          Reflect  .   (no helmet)
rElec   +          Harm     .   (no cloak)
rCorr   .          Rampage  .   (no gloves)
Will    .....                   (no boots)
Stlth   ++........              (no amulet)
HPRegen 0.13/turn               f - +4 ring of slaying
MPRegen 0.10/turn               m - +4 ring of slaying

@: no status effects
A: sickness immunity, AC +4, negative energy resistance 1, electricity
resistance, torment resistance 1, petrification resistance
a: Renounce Religion, Heroism


You were on level 4 of the Dungeon.
You worshipped Okawaru.
Okawaru was pleased with you.
You visited 2 branches of the dungeon, and saw 5 of its levels.

You collected 134 gold pieces.
You spent 20 gold pieces at shops.

Inventory:

Hand Weapons
 a - a +0 mace (weapon)
Missiles
 l - 2 throwing nets (quivered)
Armour
 b - a +0 robe (worn)
Jewellery
 f - a +4 ring of slaying (left hand)
 m - a +4 ring of slaying (right hand)
Scrolls
 d - a scroll of teleportation {unknown}
 g - a scroll of enchant armour {unknown}
 i - a scroll of amnesia {unknown}
 j - 5 scrolls of identify
 k - a scroll of vulnerability {unknown}
Potions
 c - a potion of degeneration
 e - a potion of mutation {unknown}
 h - a potion of flight {unknown}
 n - a potion of lignification {unknown}
 o - a potion of brilliance {unknown}


   Skills:
 + Level 4.4 Fighting
 + Level 5.4 Maces & Flails
 + Level 3.2 Dodging
 - Level 2.1 Stealth


You had 5 spell levels left.
You didn't know any spells.
Your spell library was empty.

Dungeon Overview and Level Annotations

Branches:
Dungeon (4/15)             Temple (1/1) D:4

Altars:
Cheibriados
Dithmenos
Elyvilon
Fedhas
Gozag
Hepliaklqana
Kikubaaqudgha
Makhleb
Nemelex Xobeh
Okawaru
Qazlal
Ru
Sif Muna
Trog
Uskayaw
Vehumet
Wu Jian
Xom
Yredelemnul
Zin
The Shining One

Shops:
D:1 (   D:2 ?   D:4 =


Innate Abilities, Weirdness & Mutations

You are immune to sickness and miasma.
Your stone body is resilient. (AC +4)
You are immune to poison.
You resist negative energy. (rN+)
You are resistant to electric shocks. (rElec)
You are resistant to unholy torment.
You are immune to petrification.


Message History

You climb upwards.
Welcome back to the Dungeon!
There is a staircase to the Ecumenical Temple here.
There is an entrance to Ynij's Jewellery Shop here.
You can access your shopping list by pressing '$'.
j - 4 scrolls of identify (gained 1)
There is a shaft here.
A giant cockroach comes into view.
A giant cockroach is nearby!
The giant cockroach misses you. The giant cockroach closely misses you.
You hit the giant cockroach.
You kill the giant cockroach!
Okawaru accepts your kill.
No target in view!
No target in view!
You see here a giant cockroach corpse.
j - 5 scrolls of identify (gained 1)
An iguana comes into view.
Found a hand axe and a ring mail.
The iguana moves out of view.
An iguana is nearby!
You hit the iguana but do no damage. The iguana bites you!
The iguana bites you.
You hit the iguana but do no damage. The iguana completely misses you.
You hit the iguana but do no damage. The iguana barely misses you.
You barely miss the iguana. The iguana bites you.
You hit the iguana.
The iguana is lightly wounded.
The iguana bites you!
* * * LOW HITPOINT WARNING * * *
You sock the iguana!
The iguana is heavily wounded.
The iguana bites you!
* * * LOW HITPOINT WARNING * * *
Okay, then.
Found 2 lumpy puce potions.
A phantom comes into view.
It was a potion of degeneration.
There was something very wrong with that liquid.
You feel weakened.
You feel dopey.
You feel clumsy. The iguana bites you.
You die...

##.....# .....
#.....# #...#
#......
#.W.#####+###......
#...#........†.....
#...#......##.....#
#...#......##.....#
#...#.............#
#.@.#.............#
#.l.##.............
##...##.....##.....#
#.!..##.....####+###
#....##.....##....
#.................
#...............).
#.[..!............
##################


You could see a phantom and an iguana.

Vanquished Creatures
  A scorpion (D:4)
  An iguana (D:4)
  An orc wizard (D:3)
  A gnoll (D:3)
  4 adders
  A worm (D:2)
  A dart slug (D:1)
  5 orcs (D:3)
  8 bats
  6 endoplasms
  4 giant cockroaches
  10 goblins
  6 hobgoblins
  6 jackals
  2 quokkas (D:2)
  8 ball pythons
  4 frilled lizards
  4 kobolds
  5 rats
78 creatures vanquished.

Notes
Turn   | Place    | Note
-------+----------+-------------------------------------------
     0 | D:1      | BinkBink the Gargoyle Monk began the quest for the Orb.
     0 | D:1      | Reached XP level 1. HP: 14/14 MP: 1/1
   408 | D:1      | Reached XP level 2. HP: 19/19 MP: 2/2
   430 | D:1      | Found Ecsamys's Weapon Emporium.
  1168 | D:1      | Reached XP level 3. HP: 14/24 MP: 3/3
  1992 | D:2      | Reached XP level 4. HP: 29/29 MP: 4/4
  2056 | D:2      | Reached skill level 4 in Maces & Flails
  2069 | D:2      | Found Ucoafeun's Magic Scroll Shoppe.
  2072 | D:2      | Bought a scroll of identify for 20 gold pieces
  2775 | D:3      | Reached XP level 5. HP: 33/33 MP: 5/5
  3219 | D:4      | Reached skill level 5 in Maces & Flails
  3224 | D:4      | Found Ynij's Jewellery Shop.
  3230 | D:4      | Reached XP level 6. HP: 19/39 MP: 6/6
  3232 | D:4      | Found a staircase to the Ecumenical Temple.
  3243 | Temple   | Entered the Ecumenical Temple
  3680 | Temple   | Became a worshipper of Warmaster Okawaru
  3680 | Temple   | Reached * piety under Okawaru
  3680 | Temple   | Reached ** piety under Okawaru
  3745 | D:4      | Slain by an iguana

Illustrated notes

Levels and vault maps discovered:
D:1:      wander_arrival_peaceful_grave, layout_basic, serial_shops, shop
D:2:      layout_rooms, serial_shops, nicolae_shop_window_shopping
D:3:      layout_basic, grunt_ministairs_7, minmay_quantized
D:4:      layout_gridville, minmay_temple_entry_overgrown,
          minmay_shop_enchanted_jewellery, minmay_stone_trees_small,
          minmay_fractal_squares_gapless_5, uniq_pikel
Temple:   nicolae_temple_the_god_donut

Skill      XL: |  1  2  3  4  5 |
---------------+----------------+-----
Fighting       | 4 |  4.4
Maces & Flails | 4 5 |  5.4
Dodging        | 3 |  3.2
Stealth        | |  2.1

Action                   |  1- 3 |  4- 6 || total
-------------------------+-------+-------++-------
Melee: Mace              |   116 |    86 ||   202
  Use: Potion            |       |     1 ||     1
 Stab: Sleeping          |     5 |     2 ||     7
Armor: Robe              |    39 |    23 ||    62
Dodge: Dodged            |    86 |    49 ||   135

Table legend: (Time is in decaauts)
 A = Elapsed time spent in this place.
 B = Non-inter-level travel time spent in this place.
 C = Inter-level travel time spent in this place.
 D = Time resting spent in this place.
 E = Time spent auto-exploring this place.
 F = Levels seen in this place.
 G = Mean time per level.
                   A        B        C        D        E       F      G
               +--------+--------+--------+--------+--------+-----+--------+
         Total |   3785 |   3731 |     54 |      0 |   3060 |   5 |  757.0 |
       Dungeon |   3333 |   3293 |     40 |      0 |   2673 |   4 |  833.2 |
        Temple |    451 |    437 |     14 |      0 |    387 |   1 |  451.0 |
               +--------+--------+--------+--------+--------+-----+--------+

Top non-repeatable levels by time:
     D:1: 1494 daAuts
     D:3: 999 daAuts
     D:2: 710 daAuts
  Temple: 451 daAuts
     D:4: 129 daAuts
